AoeStats
← IkeyTiger

Arabian Desert

510290322Analyzed
1v1 RM · 3h ago on Sep 30, 2026· 20m 0s· 2 players
Game mode
Random Map
Map size
Tiny (2 player)
Population
200
Speed
Normal
Resources
Standard
Victory
Conquest
Starting age
Dark Age
Ending age
Imperial Age
RankedLock teamsTeams togetherTeam positionsShared explorationLock speedFull tech treeHidden civsTurbo modeCheats
Victory
Defeat
🇮🇳 Magyars · India
1007
+15
🇺🇸 Chinese · United States
987
-15
IkeyTiger
0:54 Loom
10:16 Feudal Age
15:29 Castle Age
77阿晉77
9:40 Feudal Age
7:56 Loom
10:29 Double-Bit Axe
10:50 Horse Collar
14:13 Bloodlines
16:57 Scale Barding Armor
Connection lost

Rejoining the realm…

Still unreachable

The connection could not be restored.

Session expired

The server has moved on; the page needs a fresh start.